 Dungeon Crawl Stone Soup version 0.24.1-14-gf8d2b509d9 (webtiles) character file.

Game seed: 2293330649078121043, levelgen mode: deterministic

429 marz the Agent of Entropy (level 6, 0/47 HPs)
             Began as a Demonspawn Abyssal Knight on Oct 21, 2020.
             Was a Priest of Lugonu.
             Succumbed to a worker ant's poison
             ... on level 4 of the Dungeon.
             The game lasted 00:17:03 (4130 turns).

marz the Agent of Entropy (DsAK)                    Turns: 4130, Time: 00:17:04

Health: 0/47       AC:  5    Str: 22    XL:     6   Next: 66%
Magic:  5/9        EV:  8    Int: 13    God:    Lugonu [***...]
Gold:   199        SH:  9    Dex: 16    Spells: 5/5 levels left

rFire    + . .     SeeInvis .   a - +1 spear
rCold    + . .     Gourm    .   u - +0 shield
rNeg     . . .     Faith    +   v - +0 ring mail
rPois    .         Spirit   .   (helmet restricted)
rElec    .         Reflect  .   (no cloak)
rCorr    .         Harm     .   (no gloves)
MR       .....                  (no boots)
Stlth    +.........             f - amulet of faith
HPRegen  0.15/turn              i - ring of protection from fire
MPRegen  0.11/turn              (no ring)

@: mighty, lethally poisoned (0 -> -7)
A: horns 1, thin skeletal structure 1, agile 1, cold resistance 1, spiny 1,
strong 1, freezing cloud immunity, MP-powered wands
a: Depart the Abyss, Bend Space, Banish, Renounce Religion


You were on level 4 of the Dungeon.
You worshipped Lugonu.
Lugonu was most pleased with you.
You were not hungry.

You visited 1 branch of the dungeon, and saw 4 of its levels.
You visited the Abyss 1 time.

You collected 199 gold pieces.

Inventory:

Hand Weapons
 a - a +1 spear (weapon)
Missiles
 d - 29 poisoned darts (quivered)
 n - 6 javelins
 p - 12 boomerangs
Armour
 b - a +0 leather armour
 t - a +2 helmet
 u - a +0 shield (worn)
 v - a +0 ring mail (worn)
Magical Staves
 q - an uncursed staff of air {unknown}
Jewellery
 f - an amulet of faith (around neck)
 i - a ring of protection from fire (left hand)
 o - an uncursed amulet of magic regeneration {unknown}
Scrolls
 g - a scroll of blinking
 j - 2 scrolls of identify
 l - 2 scrolls of teleportation
 m - a scroll of fear
 w - a scroll of enchant armour {unknown}
Potions
 e - a potion of flight
 s - a potion of haste
Comestibles
 c - 8 rations


   Skills:
 - Level 3.0 Fighting
 * Level 4.5 Polearms
 + Level 3.3 Armour
 - Level 0.8 Dodging
 + Level 1.9 Shields
 + Level 4.8 Invocations


You had 5 spell levels left.
You didn't know any spells.
Your spell library contained the following spells:

 Spells                   Type           Power        Failure   Level  Hunger
 Gell's Gravitas          Tloc           #.........   100%        3    ####...
 Ignite Poison            Fire/Tmut/Pois #.......     100%        3    ####...
 Recall                   Summ/Tloc      N/A          100%        3    ####...
 Spider Form              Tmut/Pois      #.........   100%        3    ####...
 Controlled Blink         Tloc           N/A          100%        8    #######


Dungeon Overview and Level Annotations

Branches:
Dungeon (4/15)
 Temple: D:4-7

Altars:
Cheibriados

Annotations:
Abyss:1 Eustachio, Grinder


Innate Abilities, Weirdness & Mutations

You have a somewhat thin skeletal structure. (Dex +2, Stealth)
Your flesh is cold resistant. (rC+)
You are partially covered in sharp spines.
You are immune to freezing clouds.
You have a pair of small horns on your head.
You are agile. (Dex +2)
Your muscles are strong. (Str +2)
You expend magic power (3 MP) to strengthen your wands.


Message History

You feel sick.
Eustachio casts a spell.
Eustachio blinks!
Press: ? - help, Shift-Dir - straight line, f - Eustachio
Aim: Eustachio, wielding a +0 rapier of venom and wearing a +0 leather armour (chance to defeat MR: 83%) Eustachio is devoured by a tear in reality.
Lugonu claims a new guest.
You are feeling very hungry.
* * * LOW HITPOINT WARNING * * *
You feel sick.
You eat one of the 9 rations.
That ration really hit the spot!
There is a lethal amount of poison in your body!
There is a lethal amount of poison in your body!
There is a lethal amount of poison in your body!
You feel extremely strange.
You feel agile. A pair of horns grows on your head!
Your +2 helmet falls away!
You feel your magical essence link to the dungeon's wands.
You feel stronger.
You die...

..........[
.........#
........
.........#
.....>..
........### ##
######.#
#........ ...
... ###.......
.... ....
.....§...#.....
####
....§§.........
.....§.@.......
#####..........
#..........
#..........
...........
............
.............
..............


There were no monsters in sight!

Vanquished Creatures
  A scorpion (D:4)
  3 worker ants (D:4)
  5 adders
  2 oozes
  3 dart slugs
  A leopard gecko (D:2)
  9 orcs (D:3)
  2 ball pythons
  9 bats
  2 giant cockroaches
  3 goblins
  8 hobgoblins
  7 jackals
  2 quokkas
  3 frilled lizards (D:3)
  11 kobolds
  11 rats
82 creatures vanquished.

Notes
Turn   | Place    | Note
-------+----------+-------------------------------------------
     0 | Abyss:1  | marz the Demonspawn Abyssal Knight began the quest for the
                  | Orb.
     0 | Abyss:1  | Reached XP level 1. HP: 18/18 MP: 2/2
     0 | D:1      | Escaped the Abyss
    88 | D:1      | Gained mutation: You have a somewhat thin skeletal
                  | structure. (Dex +2, Stealth) [demonic ancestry]
    88 | D:1      | Reached XP level 2. HP: 24/24 MP: 4/4
   118 | D:1      | Reached * piety under Lugonu
   755 | D:2      | Gained mutation: Your flesh is cold resistant. (rC+)
                  | [demonic ancestry]
   755 | D:2      | Reached XP level 3. HP: 29/29 MP: 5/5
  1248 | D:2      | Reached ** piety under Lugonu
  1401 | D:2      | Gained mutation: You are immune to freezing clouds.
                  | [demonic ancestry]
  1401 | D:2      | Reached XP level 4. HP: 34/35 MP: 6/6
  2551 | D:3      | Reached *** piety under Lugonu
  2709 | D:3      | Reached XP level 5. HP: 29/41 MP: 7/7
  3052 | D:4      | Noticed Grinder
  3054 | D:4      | Banished Grinder
  3054 | D:4      | Reached skill level 1 in Shields
  3375 | D:4      | Gained mutation: You are partially covered in sharp spines.
                  | [demonic ancestry]
  3375 | D:4      | Reached XP level 6. HP: 20/47 MP: 9/9
  3572 | D:4      | Identified the Papyrus of Spatial Changing
  3985 | D:4      | Found a snail-covered altar of Cheibriados.
  4127 | D:4      | Noticed Eustachio
  4127 | D:4      | HP: 2/47 [poisoned by a worker ant]
  4128 | D:4      | Banished Eustachio
  4130 | D:4      | Gained mutation: You are agile. (Dex +2) [potion of
                  | mutation]
  4130 | D:4      | Gained mutation: You have a pair of small horns on your
                  | head. [potion of mutation]
  4130 | D:4      | Gained mutation: You expend magic power (3 MP) to
                  | strengthen your wands. [potion of mutation]
  4130 | D:4      | Gained mutation: Your muscles are strong. (Str +2) [potion
                  | of mutation]
  4130 | D:4      | Succumbed to a worker ant's poison

Levels and vault maps discovered:
D:1:      roderic_chinese_lattice_arrival, layout_basic, minmay_pentomino_x2
D:2:      layout_basic, minmay_misc_feat_hallway, nrook_mini_backslash
D:3:      layout_basic
D:4:      layout_basic, overflow_temple_1_default, cheibriados_altar_1,
          first_ration, goddamned_bats, uniq_robin, uniq_eustachio, uniq_grinder

Skill      XL: |  1  2  3  4  5 |
---------------+----------------+-----
Polearms       | 2 3 4 |  4.5
Armour         | 2 3 |  3.3
Invocations    | 3 4 |  4.8
Shields        | 1 |  1.9
Fighting       | |  3.0
Dodging        | |  0.8

Action                   |  1- 3 |  4- 6 || total
-------------------------+-------+-------++-------
Melee: Spear             |   119 |   253 ||   372
Throw: Dart              |       |     3 ||     3
Invok: Depart the Abyss  |     1 |       ||     1
       Banish            |       |     2 ||     2
       Bend Space        |       |     2 ||     2
  Use: Scroll            |       |    12 ||    12
       Potion            |       |     4 ||     4
 Stab: Sleeping          |     5 |     1 ||     6
       Distracted        |       |     1 ||     1
  Eat: Chunk             |     2 |     8 ||    10
       Ration            |       |     1 ||     1
Armor: Leather armour    |    23 |    10 ||    33
       Ring mail         |       |    59 ||    59
Dodge: Dodged            |    69 |    71 ||   140
Block: Shield            |       |    60 ||    60
